 Dungeon Crawl Stone Soup version 0.19.0-2-gae57169 (webtiles) character file.

49 lorenzova the Conjurer (level 3, -14/19 HPs)
             Began as a Deep Elf Conjurer on Nov 6, 2016.
             Was an Initiate of Vehumet.
             Engulfed by a cloud of flame (19 damage)
             ... on level 2 of the Dungeon.
             The game lasted 00:02:12 (1805 turns).

lorenzova the Conjurer (Deep Elf Conjurer)          Turns: 1805, Time: 00:02:13

Health: -14/19     AC:  3    Str:  5    XL:     3   Next: 53%
Magic:  10/10      EV: 13    Int: 20    God:    Vehumet [......]
Gold:   64         SH:  0    Dex: 15    Spells: 1 memorised, 8 levels left

rFire  . . .     SeeInvis .     n - +2 dagger (venom)
rCold  . . .     Gourm    .     a - +0 robe
rNeg   . . .     Faith    .     (no shield)
rPois  .         Spirit   .     (no helmet)
rElec  .         Reflect  .     m - +0 cloak
rCorr  .         Harm     .     (no gloves)
MR     .....                    (no boots)
Stlth  ++........               (no amulet)
                                (no ring)
                                (no ring)

@: no status effects
A: no striking features
a: Renounce Religion


You were on level 2 of the Dungeon.
You worshipped Vehumet.
Vehumet was noncommittal.
You were hungry.

You visited 1 branch of the dungeon, and saw 2 of its levels.

You collected 64 gold pieces.

Inventory:

Hand Weapons
 n - a +2 dagger of venom (weapon)
Armour
 a - a +0 robe (worn)
 m - a +0 cloak (worn)
Jewellery
 q - a +2 ring of evasion {unknown}
 s - a +1 ring of protection {unknown}
Scrolls
 d - 2 scrolls of fog {unknown}
 f - a scroll of fear {unknown}
 g - 2 scrolls of identify {unknown}
 h - 2 scrolls of remove curse {unknown}
 j - 2 scrolls of random uselessness {unknown}
 k - a scroll of enchant weapon {unknown}
 o - a scroll of immolation {unknown}
 p - a scroll of enchant armour {unknown}
 r - a scroll of teleportation {unknown}
Potions
 e - a potion of agility {unknown}
 i - a potion of invisibility {unknown}
Books
 b - a book of Conjurations

   Spells                             Type                      Level
   a - Magic Dart                     Conjuration                  1
   b - Searing Ray                    Conjuration                  2
   c - Dazzling Spray                 Conjuration/Hexes            3
   d - Fulminant Prism                Conjuration/Hexes            4
   e - Iskenderun's Mystic Blast      Conjuration                  4
   f - Iskenderun's Battlesphere      Conjuration/Charms           5
Comestibles
 c - 3 bread rations
 l - 2 meat rations


   Skills:
 - Level 2.4 Dodging
 - Level 2.4 Stealth
 + Level 3.5 Spellcasting
 + Level 5.5 Conjurations


You had 8 spell levels left.
You knew the following spells:

 Your Spells              Type           Power        Failure   Level  Hunger
a - Magic Dart            Conj           ####         1%          1    None


Dungeon Overview and Level Annotations

Branches:
Dungeon (2/15)

Altars:
Qazlal
Vehumet


Message History

Eat a chunk of flesh? (ye/n/q)
You start eating the chunk of flesh.
This raw flesh tastes terrible.
You now have 52 gold pieces (gained 11).
You now have 64 gold pieces (gained 12).
Found a radiant altar of Vehumet.
You are feeling hungry.
Found a ring mail.
Really walk into a travel-excluded area?
A bat comes into view.
There is a radiant altar of Vehumet here.
You kneel at the altar of Vehumet.
Vehumet welcomes you!
You are engulfed in roaring flames.
Ouch! That really hurt!
* * * LOW HITPOINT WARNING * * *
The bat misses you.
You are engulfed in roaring flames.
Ouch! That really hurt!
You die...

... +......##..)......
......#########...##+#'#
...... #..........##.#.#
..... #.###.........#..
.....##+###.###.#####..
#.b§......# #.#......
#.........###.#.###.# ..
#....§§..............
.###
######.@.§.......#.###..
>.. ..
..........§.............
.###.#
###......##......#.####.
.....#
###..........#.#.#.# #.
......
.........#.###.#.#.#####
.....# ##.##..#...#
#.#.#...... ...... ...
#..#<..# #.#.#......
....## ##
##..#...###.#.#.###..
...... ..............#.#
###


You could see a bat.

Vanquished Creatures
  An adder (D:2)
  A dart slug (D:1)
  7 goblins
  3 hobgoblins (D:1)
  4 jackals (D:2)
  6 kobolds
  A ball python (D:1)
  8 bats
  3 frilled lizards
  3 rats
37 creatures vanquished.

Notes
Turn   | Place    | Note
-------+----------+-------------------------------------------
     0 | D:1      | lorenzova the Deep Elf Conjurer began the quest for the Orb.
     0 | D:1      | Reached XP level 1. HP: 10/10 MP: 6/6
   274 | D:1      | Reached XP level 2. HP: 15/15 MP: 5/8
   544 | D:1      | Reached skill level 5 in Conjurations
  1060 | D:1      | Reached XP level 3. HP: 19/19 MP: 7/9
  1666 | D:2      | Found a faded altar of an unknown god.
  1696 | D:2      | Found a stormy altar of Qazlal.
  1778 | D:2      | Found a radiant altar of Vehumet.
  1804 | D:2      | Became a worshipper of Vehumet
  1805 | D:2      | Engulfed by a cloud of flame

Skill      XL: |  1  2 |
---------------+-------+-----
Conjurations   | 5 |  5.5
Dodging        | |  2.4
Stealth        | |  2.4
Spellcasting   | |  3.5

Action                   || total
-------------------------++-------
 Cast: Magic Dart        ||    58
  Eat: Chunk             ||     2
Dodge: Dodged            ||     5
